Map: Old Republic LE

Players

Hardvision - Winner!

  • Race: Terran Terran
  • League: Master
  • Spawn Location: 7:00

A.I. 2 (Elite)

  • Race: Protoss Protoss
  • Spawn Location: 1:00

VOD

Have the link to the VOD?

Description

Time

  • Played on: March 12, 2026, 11:03 a.m.
  • Length: 11:57
Show
View Real Time Build Order
Export as new Build Order

Hardvision Terran - Winner!

Build Orders: Mech 

Get SALT Encoding   

  12  0:00  SCV  
  13  0:12  SCV  
  14  0:17  Supply Depot  
  14  0:25  SCV  
  15  0:38  SCV  
  15  0:40  Barracks  
  16  0:44  Refinery  
  16  0:50  SCV  
  17  1:02  SCV  
  18  1:14  SCV  
  19  1:29  Barracks Reactor  
  19  1:30  Orbital Command  
  19  1:40  Command Center  
  19  1:47  Supply Depot  
  19  1:56  SCV  
  20  2:06  Marine x2  
  20  2:08  SCV  
  23  2:12  Factory  
  23  2:20  SCV  
  24  2:23  Marine  
  24  2:24  Marine  
  24  2:29  Refinery  
  26  2:36  SCV  
  27  2:37  Bunker  
  27  2:41  Marine x2  
  29  2:48  SCV  
  30  2:53  Orbital Command  
  30  3:00  SCV  
  30  3:04  Hellion x2  
  35  3:12  Starport  
  35  3:15  SCV  
  35  3:19  Barracks Tech Lab  
  36  3:20  SCV  
  37  3:27  Supply Depot  
  37  3:31  SCV  
  37  3:32  SCV  
  39  3:35  Refinery  
  39  3:43  Siege Tank, Marine x2  
  43  3:50  SCV  
  43  3:51  SCV  
  43  3:53  Starport Tech Lab  
  44  4:03  SCV, Marine x2  
  44  4:07  SCV  
  43  4:11  Supply Depot  
  43  4:15  SCV  
  43  4:17  Raven, Siege Tank  
  46  4:21  Marine x2  
  46  4:22  SCV  
  52  4:24  Refinery  
  49  4:33  Factory, SCV  
  49  4:36  Supply Depot  
  49  4:37  Supply Depot, SCV  
  51  4:40  Marine  
  51  4:41  Marine  
  54  4:45  SCV  
  54  4:49  SCV  
  54  4:51  Siege Tank  
  58  4:57  Viking  
  58  4:59  SCV  
  61  5:03  SCV, Supply Depot  
  62  5:11  SCV  
  63  5:17  Barracks Reactor  
  63  5:18  Factory  
  63  5:21  Factory  
  63  5:23  SCV x2  
  63  5:24  Siege Tank  
  63  5:25  Hellion  
  70  5:29  Hellion  
  70  5:34  Supply Depot  
  70  5:35  SCV  
  73  5:40  SCV  
  74  5:42  Armory  
  74  5:47  SCV  
  75  5:50  Hellion x2  
  75  5:53  Supply Depot  
  75  5:54  SCV  
  75  5:56  Siege Tank  
  83  6:00  Supply Depot  
  83  6:13  Hellion x4, Siege Tank  
  83  6:14  Infernal Pre-Igniter  
  94  6:19  Supply Depot  
  94  6:24  Viking  
  96  6:28  SCV  
  96  6:32  Siege Tank  
  100  6:36  Terran Vehicle Weapons Level 1  
  100  6:38  Hellion x3  
  106  6:42  Supply Depot  
  106  6:46  Supply Depot  
  106  6:50  Siege Tank  
  106  6:51  Hellion  
  111  6:56  Viking  
  113  7:05  SCV  
  114  7:10  Supply Depot  
  114  7:18  Siege Tank, Hellion x2  
  121  7:31  Siege Tank, Hellion  
  121  7:32  Hellion  
  127  7:39  Engineering Bay  
  127  7:47  Hellion x2  
  127  7:50  Siege Tank  
  134  7:58  Hellion x2, Viking  
  140  8:09  Siege Tank  
  140  8:10  Supply Depot x2  
  143  8:21  Hellion x2  
  143  8:22  Hellion x3  
  146  8:35  Missile Turret  
  146  8:41  Hellion  
  146  8:42  Viking  
  146  8:43  Missile Turret  
  146  8:47  Siege Tank, Hellion x3  
  146  8:48  Hellion  
  161  8:50  Terran Vehicle And Ship Armor Level 1  
  161  9:03  Siege Tank  
  161  9:09  Hellion x2  
  168  9:13  Drilling Claws  
  168  9:25  Widow Mine x2  
  168  9:30  Widow Mine  
  174  9:38  Supply Depot  
  174  9:39  Supply Depot  
  174  9:42  Siege Tank, Widow Mine  
  179  9:55  Missile Turret  
  177  10:10  Siege Tank, Hellion x2  
  184  10:44  Missile Turret  
  184  10:52  Siege Tank  
  184  10:53  Siege Tank, Hellion x2  
  184  10:54  Hellion x2, Viking  
Show
View Real Time Build Order
Export as new Build Order

A.I. 2 (Elite) Protoss 

Build Orders: 1 Gate Expand, Zealot Archon 

Get SALT Encoding   

  12  0:00  Probe  
  13  0:13  Probe  
  14  0:19  Pylon  
  14  0:25  Probe  
  15  0:33  Probe  
  15  0:40  Gateway  
  15  0:41  Probe  
  17  0:51  Probe  
  18  0:59  Probe  
  19  1:15  Probe  
  19  1:17  Nexus  
  20  1:27  Probe  
  20  1:28  Zealot  
  23  1:36  Pylon  
  23  1:45  Cybernetics Core  
  23  1:50  Assimilator  
  23  1:54  Probe  
  24  2:02  Probe  
  25  2:11  Probe  
  25  2:15  Warp Gate  
  26  2:20  Probe  
  26  2:25  Probe  
  26  2:26  Pylon  
  27  2:32  Probe  
  27  2:33  Probe  
  29  2:42  Gateway  
  29  2:44  Assimilator  
  29  2:46  Probe  
  29  2:51  Stalker  
  30  2:57  Probe  
  33  2:59  Pylon  
  33  3:00  Probe  
  34  3:09  Probe  
  34  3:12  Probe  
  36  3:21  Adept  
  36  3:23  Probe  
  36  3:25  Probe  
  40  3:28  Adept  
  40  3:32  Robotics Facility  
  42  3:35  Probe  
  42  3:37  Probe  
  38  3:49  Probe x2  
  38  3:51  Adept  
  38  3:52  Stalker  
  40  4:01  Probe  
  40  4:02  Probe  
  31  4:13  Probe  
  31  4:14  Probe  
  30  4:25  Probe  
  30  4:26  Probe  
  30  4:27  Zealot  
  34  4:33  Probe  
  34  4:38  Probe  
  36  4:41  Probe  
  37  4:50  Probe  
  37  4:52  Probe  
  39  5:02  Probe  
  39  5:04  Probe  
  41  5:09  Adept  
  41  5:11  Probe  
  43  5:16  Probe  
  43  5:19  Probe  
  45  5:27  Adept  
  48  5:28  Probe x2  
  50  5:36  Adept  
  50  5:40  Probe x2  
  54  5:44  Robotics Bay  
  54  5:48  Twilight Council  
  54  5:52  Pylon, Probe  
  54  5:53  Probe  
  56  6:05  Probe x2  
  58  6:14  Probe  
  58  6:16  Assimilator  
  58  6:18  Assimilator  
  59  6:19  Pylon  
  59  6:23  Probe  
  60  6:28  Templar Archives  
  60  6:32  Gateway  
  60  6:35  Probe  
  60  6:36  Probe  
  60  6:38  Stalker, Zealot  
  66  6:40  Pylon  
  66  6:45  Probe  
  66  6:48  Probe  
  68  6:54  Probe  
  68  6:58  Stalker  
  68  7:00  Probe  
  68  7:01  Stalker  
  74  7:02  Pylon  
  74  7:04  Nexus  
  74  7:06  Probe  
  75  7:18  Probe  
  75  7:20  Observer, Probe  
  75  7:21  Sentry  
  80  7:24  Zealot  
  80  7:26  Sentry  
  80  7:27  Pylon  
  84  7:30  Forge  
  84  7:38  High Templar  
  84  7:42  Forge  
  84  7:43  Gateway  
  86  7:44  High Templar  
  86  7:49  Stalker  
  86  7:50  Archon  
  89  7:52  Pylon  
  89  7:58  Protoss Ground Armor Level 1  
  89  8:05  Pylon  
  89  8:06  Stalker  
  89  8:07  High Templar  
  89  8:12  High Templar  
  95  8:14  Protoss Ground Weapons Level 1  
  95  8:16  Probe  
  95  8:17  Probe x2  
  98  8:24  Probe  
  98  8:25  Assimilator  
  82  8:29  Zealot  
  82  8:31  Probe  
  82  8:33  Probe  
  57  8:35  High Templar  
  57  8:37  Zealot  
  57  8:38  Assimilator, Probe  
  57  8:39  Stalker  
  65  8:43  Probe x2  
  67  8:49  Zealot  
  67  8:50  Probe  
  67  8:54  Zealot  
  72  8:55  Probe  
  72  8:56  Probe  
  72  9:02  Zealot  
  76  9:03  Probe  
  76  9:06  Adept  
  76  9:08  Probe, Sentry  
  76  9:09  Stalker  
  84  9:15  Probe  
  85  9:22  Adept  
  87  9:26  Stalker  
  87  9:30  Stalker  
  92  9:31  Probe  
  92  9:32  Probe, Zealot  
  92  9:34  Observer  
  96  9:39  Stalker  
  96  9:43  Probe  
  99  9:47  Probe  
  99  9:50  High Templar  
  93  9:53  Stalker  
  93  9:55  Sentry, Probe  
  65  10:15  High Templar  
  24  10:44  High Templar  
  24  10:55  Pylon  
Tags
 
Add a new tag
Caveats
  • Supply blocks, unpowered buildings, or Contaminate may cause inaccurate times.
  • Supply counts are checked every 10 seconds.